 Dungeon Crawl Stone Soup version 0.20-a0-309-gcba9277 (console) character file.

1120 HarryHood the Skirmisher (level 8, -3/52 HPs)
             Began as a Gargoyle Fighter on Dec 20, 2016.
             Slain by Duvessa
             ... wielding a +3 short sword of venom
              (14 damage)
             ... on level 5 of the Dungeon.
             The game lasted 00:23:11 (4997 turns).

HarryHood the Skirmisher (Gargoyle Fighter)         Turns: 4997, Time: 00:23:11

Health: -3/52      AC: 19    Str: 19    XL:     8   Next: 34%
Magic:  8/8        EV:  5    Int: 10    God:
Gold:   244        SH:  9    Dex: 11    Spells: 7/7 levels left

rFire  . . .     SeeInvis .     a - +1 flail
rCold  . . .     Gourm    .     j - +0 chain mail
rNeg   + . .     Faith    .     c - +0 shield
rPois  ∞         Spirit   .     (no helmet)
rElec  +         Reflect  .     h - +0 cloak
rCorr  .         Harm     .     u - +0 pair of gloves
MR     .....                    B - +0 pair of boots
Stlth  ..........               (no amulet)
                                (no ring)
                                o - +2 ring of slaying

@: no status effects
A: negative energy resistance 1, electricity resistance, unbreathing,
petrification resistance, rot immunity, AC +5
a: no special abilities


You were on level 5 of the Dungeon.
You were not hungry.

You visited 1 branch of the dungeon, and saw 5 of its levels.
You also visited: Sewer.

You collected 244 gold pieces.

Inventory:

Hand Weapons
 a - a +1 flail (weapon)
Armour
 c - a +0 shield (worn)
 h - a +0 cloak (worn)
 j - a +0 chain mail (worn)
 u - a +0 pair of gloves (worn)
 A - a +0 troll leather armour {Purgy}
 B - a +0 pair of boots (worn)
Jewellery
 o - a +2 ring of slaying (left hand)
Wands
 r - a wand of teleportation (3/9)
Scrolls
 m - 5 scrolls of remove curse
Potions
 b - a potion of mutation {unknown}
 g - a potion of agility
 i - a potion of flight {unknown}
 k - a potion of brilliance {unknown}
 l - a potion of curing {unknown}
 p - a potion of resistance {unknown}
 q - 2 potions of invisibility
 s - a potion of cure mutation {unknown}
 z - a potion of berserk rage {unknown}
Comestibles
 d - 2 meat rations
 f - 5 bread rations
 n - a royal jelly {!*}
 x - a beef jerky


   Skills:
 - Level 6.5 Fighting
 - Level 6.0 Maces & Flails
 - Level 6.2 Armour
 * Level 4.5 Shields


You had 7 spell levels left.
You didn't know any spells.

Dungeon Overview and Level Annotations

Branches:
Dungeon (5/15)
 Temple: D:4-7

Altars:
Ashenzari
Trog
Xom
Zin

Shops:
D:5 }

Annotations:
D:5 Duvessa, Prince Ribbit


Innate Abilities, Weirdness & Mutations

You are resistant to torment.
Your stone body is resilient. (AC +5)
You are immune to poison.
You resist negative energy. (rN+)
You are resistant to electric shocks. (rElec)
You can survive without breathing.
You are immune to petrification.
You are immune to rotting.


Message History

Duvessa hits you with a short sword of venom!
* * * LOW HITPOINT WARNING * * *
You block Duvessa's attack.
You sock Duvessa!
Duvessa is moderately wounded.
Duvessa hits you but does no damage.
Okay, then.
Okay, then.
You hit Duvessa.
Duvessa is heavily wounded.
Duvessa hits you with a short sword of venom.
* * * LOW HITPOINT WARNING * * *
Duvessa hits you but does no damage.
As you read the scroll labeled MEVAIXOOSMENG, it crumbles to dust.
You feel aware of your surroundings.
It was a scroll of magic mapping.
Duvessa hits you but does no damage. x2
You sock Duvessa!
Duvessa is severely wounded.
Duvessa hits you with a short sword of venom!
You die...

**************#..................
#####..................
#......................
#....#.##.#############
***####....#.........#.......
*,,........#.........#.......
*,,........#.........#.......
*,,........#e........#.......
*,,........)@........########
*******+###..####+..##...#*,,,,,,
,,*,,*,,**#.,****...##...##......
,,*,,,,,,..,,*,...........#......
,,*,,,,,..,,,*,...........#......
,,,,,,,..,,,,,,..................
,,*,,,,.,,,,,*,..........#.......
,,*,,,,,,,,,,*,..........+.......
,,*,,,,,,,,,,*,..........#....#..


You could see Duvessa (berserk).

Vanquished Creatures
  Sigmund (D:3)
  An ice beast (D:5)
  Purgy (Sewer)
  2 phantoms (D:4)
  A necrophage (D:5)
  2 ogres (D:4)
  A scorpion (D:4)
  Dowan (D:5)
  4 crimson imps (D:3)
  A hound (D:4)
  A hound skeleton (D:4)
  2 adders (D:2)
  An ooze (D:5)
  A worm (D:3)
  3 dart slugs
  7 leopard geckos
  7 orcs
  5 giant cockroaches
  15 goblins
  10 hobgoblins
  7 jackals
  5 kobolds
  2 quokkas
  2 ball pythons
  9 bats
  2 frilled lizards
  7 rats
101 creatures vanquished.

Notes
Turn   | Place    | Note
-------+----------+-------------------------------------------
     0 | D:1      | HarryHood the Gargoyle Fighter began the quest for the Orb.
     0 | D:1      | Reached XP level 1. HP: 14/14 MP: 1/1
   204 | D:1      | Reached XP level 2. HP: 20/20 MP: 2/2
  1038 | D:2      | Reached XP level 3. HP: 24/24 MP: 3/3
  1642 | D:2      | Reached skill level 5 in Fighting
  1958 | D:2      | Reached XP level 4. HP: 29/31 MP: 4/4
  2573 | D:3      | Noticed Sigmund
  2599 | D:3      | Killed Sigmund
  2599 | D:3      | Reached XP level 5. HP: 8/37 MP: 5/5
  3225 | D:3      | Found a shimmering altar of Xom.
  3277 | D:3      | Reached XP level 6. HP: 42/42 MP: 6/6
  3572 | D:4      | Noticed a phantom
  3593 | D:4      | Killed a phantom
  3593 | D:4      | Reached skill level 5 in Maces & Flails
  3807 | D:4      | Noticed a phantom
  3873 | D:4      | Reached XP level 7. HP: 25/47 MP: 7/7
  4065 | D:4      | Found a shattered altar of Ashenzari.
  4251 | D:4      | Found a glowing drain.
  4269 | Sewer    | Entered a sewer
  4328 | Sewer    | Noticed Purgy
  4351 | Sewer    | Killed Purgy
  4351 | Sewer    | Reached skill level 5 in Armour
  4524 | D:4      | Reached XP level 8. HP: 52/52 MP: 8/8
  4569 | D:4      | Found a bloodstained altar of Trog.
  4632 | D:5      | Entered Level 5 of the Dungeon
  4632 | D:5      | Noticed Prince Ribbit
  4685 | D:5      | Found Xeloriry's Gadget Shoppe.
  4940 | D:5      | Found a glowing silver altar of Zin.
  4941 | D:5      | Noticed Duvessa
  4941 | D:5      | Noticed Dowan
  4984 | D:5      | Killed Dowan
  4997 | D:5      | Slain by Duvessa

Vault maps used:
D:1:      lemuel_arrival_funnel
D:2:      wad_lake_hut, guppyfry_early_orc_mine
D:3:      led_xom_imps, uniq_sigmund
D:4:      lemuel_coloured_pillars_altar, evilmike_ruin_ashenzari, first_bread,
          portal_sewer_entry_f
D:5:      zin_academy, serial_shops, nicolae_shop_stone,
          hangedman_decor_growths, minivault_14, abandoned_shop,
          minmay_a_box_with_orc_wizards_in_it, uniq_duvessa,
          uniq_prince_ribbit1, uniq_crazy_yiuf_cottage
Sewer:    sewer_big_baddie

Skill      XL: |  1  2  3  4  5  6  7  8 |
---------------+-------------------------+-----
Fighting       | 4 5 6 |  6.5
Maces & Flails | 3 5 6 |  6.0
Armour         | 5 6 |  6.2
Shields        | 4 |  4.5

Action                   |  1- 3 |  4- 6 |  7- 9 || total
-------------------------+-------+-------+-------++-------
Melee: Flail             |   174 |   239 |   117 ||   530
  Use: Scroll            |     1 |     4 |     5 ||    10
       Potion            |       |     1 |       ||     1
  Eat: Chunk             |     3 |     6 |     1 ||    10
       Bread ration      |       |     1 |       ||     1
Armor: Scale mail        |    11 |       |       ||    11
       Chain mail        |   102 |   180 |    85 ||   367
Dodge: Dodged            |    37 |    48 |    26 ||   111
Block: Shield            |    90 |   110 |    56 ||   256
